cohdb
Replays
Latest Replays
All Replays
Popular Replays
Top Player Replays
Match Explorer
How It Works
Community
CoH3 Stats
Reddit
Sign in to upload your games and track your stats! →
Sign in with Steam
Match 42871736
Unlisted
Match 42871736
Overview
Messages
Build Orders
End
Vickers Machine Gun Team
Construct Section Command Post
Selects Indian Artillery Battlegroup
ML 3-inch Mortar Team
Infantry Section
Infantry Section
Grenade Package
Construct Platoon Command Post
Selects War Cry
Vickers Machine Gun Team
CMP 15cwt Truck
Selects Gurkha Rifles Section
Infantry Training
6-pounder Anti-tank Gun Team
Royal Engineer Section
Team Weapon Training
Construct Company Command Post
Foot Guards Section
Selects Volunteer Infantry
Matilda II Heavy Tank
Royal Engineer Section
Selects Artillery Saturation
Selects Off-map Airburst Barrage
Off-map Airburst Barrage
Forward Retreat Point
Matilda II Heavy Tank
Armored Vehicle Training
Matilda II Heavy Tank
Selects Perimeter Monitor
Royal Engineer Section
Matilda II Heavy Tank
CMP 15cwt Truck
Unlock M3 Grant Medium Tanks
Off-map Airburst Barrage
Drunken Panda Style
Master of Fips
SASU
Balzeal
kerem
ShadowStorm
Hawake
MY BIG FAT ORK WEDDING
0
0
Comments
sign in to comment!
No comments posted yet!